 Dungeon Crawl Stone Soup version 0.27-a0-423-gf312af23e9 (webtiles) character file.

Game seed: 18240247135545277665

2677 porpoise the Vandal (level 9, -5/91 HPs)
             Began as a Halfling Arcane Marksman on Feb 26, 2021.
             Was a Follower of the Shining One.
             Slain by Joseph
             ... wielding a +0 quarterstaff
              (9 damage)
             ... on level 7 of the Dungeon.
             The game lasted 00:46:33 (9109 turns).

porpoise the Vandal (Halfling Arcane Marksman)      Turns: 9109, Time: 00:46:33

Health: -5/91      AC:  4    Str: 17    XL:     9   Next: 95%
Magic:  13/13      EV: 16    Int: 14    God:    the Shining One [*.....]
Gold:   496        SH:  6    Dex: 15    Spells: 8/14 levels left

rFire    . . .     SeeInvis .   a - +2 short sword (elec)
rCold    . . .     Faith    .   D - +0 buckler
rNeg     . . .     Spirit   .   c - +1 leather armour
rPois    .         Reflect  .   (no helmet)
rElec    .         Harm     .   (no cloak)
rCorr    .         Rampage  .   (no gloves)
Will     .....                  (no boots)
Stlth    ..........             p - amulet of regeneration
HPRegen  1.25/turn              v - +6 ring of strength
MPRegen  0.13/turn              (no ring)

@: berserking, glowing, very quick
A: small, mutation resistance 1
a: Renounce Religion


You were on level 7 of the Dungeon.
You worshipped the Shining One.
The Shining One was aware of your devotion.
You visited 2 branches of the dungeon, and saw 8 of its levels.

You collected 496 gold pieces.

Inventory:

Hand Weapons
 a - a +2 short sword of electrocution (weapon)
 b - a +0 hunting sling
 w - a +2 flail of holy wrath
Missiles
 d - 12 sling bullets
 g - 168 stones
 j - 39 poisoned darts (quivered)
 A - 3 throwing nets
 E - 5 boomerangs
Armour
 c - a +1 leather armour (worn)
 D - a +0 buckler (worn)
Jewellery
 f - an amulet of magic regeneration
 o - a ring of fire
 p - an amulet of regeneration (around neck)
 v - a +6 ring of strength (left hand)
Wands
 i - a wand of iceblast (6)
 s - a wand of mindburst (1)
Scrolls
 e - a scroll of amnesia {unknown}
 h - 3 scrolls of identify
 k - a scroll of blinking
 l - 6 scrolls of teleportation
 n - a scroll of random uselessness {unknown}
 t - 3 scrolls of enchant armour
 u - a scroll of magic mapping
 y - a scroll of fog {unknown}
 z - a scroll of enchant weapon {unknown}
 B - a scroll of noise
Potions
 m - a potion of attraction
 r - 3 potions of mutation
 C - a potion of flight
 F - a potion of might


   Skills:
 - Level 5.5 Fighting
 - Level 7.0 Slings
 - Level 5.0 Dodging
 + Level 3.2 Shields
 - Level 3.0 Spellcasting
 - Level 5.0 Hexes
 + Level 6.7 Translocations


You had 8 spell levels left.
You knew the following spells:

 Your Spells              Type           Power        Failure   Level
c - Corona                Hex            17%          4%          1
p - Portal Projectile     Hex/Tloc       36%          9%          3
s - Slow                  Hex            16%          6%          2

Your spell library contained the following spells:

 Spells                   Type           Power        Failure   Level
 Foxfire                  Conj/Fire      8%           32%         1
 Summon Small Mammal      Summ           8%           32%         1
 Inner Flame              Hex/Fire       9%           34%         3
 Summon Guardian Golem    Hex/Summ       9%           34%         3
 Cause Fear               Hex            8%           38%         4
 Call Imp                 Summ           2%           43%         2
 Call Canine Familiar     Summ           2%           67%         3
 Conjure Flame            Conj/Fire      2%           67%         3
 Leda's Liquefaction      Hex/Erth       4%           75%         4
 Sticky Flame             Conj/Fire      2%           97%         4
 Summon Ice Beast         Ice/Summ       2%           97%         4
 Summon Lightning Spire   Summ/Air       2%           97%         4
 Fireball                 Conj/Fire      1%           100%        5


Dungeon Overview and Level Annotations

Branches:
Dungeon (7/15)             Temple (1/1) D:4

Altars:
Dithmenos
Elyvilon
Fedhas
Gozag
Hepliaklqana
Kikubaaqudgha
Makhleb
Nemelex Xobeh
Okawaru
Qazlal
Ru
Sif Muna
Trog
Uskayaw
Vehumet
Xom
Yredelemnul
Zin
The Shining One

Shops:
D:6 (

Annotations:
D:5 exclusion: upstairs
D:7 Joseph


Innate Abilities, Weirdness & Mutations

You are small and have problems with some larger weapons.
You are somewhat resistant to further mutation.


Message History

Fire: 13 sling bullets
Press: ? - help, Q - select action, (/) - cycle Shift-Dir - straight line, f/p - bullfrog
Aim: a bullfrog (almost dead, haloed, 74% to hit)
You shoot a sling bullet. The sling bullet hits the bullfrog.
You kill the bullfrog!
Joseph shoots a sling bullet.
The sling bullet hits you!
Your Shields skill increases to level 3!
Aiming: Mindburst
Press: ? - help, Shift-Dir - straight line, f - Joseph
Aim: Joseph, wielding a +0 hunting sling, wearing a +0 ring mail and quivering sling bullets (moderately wounded, haloed, chance to affect: 48%) Joseph resists with some effort.
Aiming: Mindburst
Press: ? - help, Shift-Dir - straight line, f/p - Joseph
Aim: Joseph, wielding a +0 hunting sling, wearing a +0 ring mail and quivering sling bullets (moderately wounded, haloed, chance to affect: 48%) Joseph resists with some effort.
Joseph shoots a sling bullet.
The sling bullet hits you!
Aiming: Mindburst
Press: ? - help, Shift-Dir - straight line, f/p - Joseph
Aim: Joseph, wielding a +0 hunting sling, wearing a +0 ring mail and quivering sling bullets (moderately wounded, haloed, chance to affect: 48%) Joseph resists with some effort.
Joseph shoots a sling bullet.
The sling bullet hits you!
* * * LOW HITPOINT WARNING * * *
Joseph unwields a +0 hunting sling.
Joseph wields a +0 quarterstaff.
Joseph hits you with a +0 quarterstaff!
* * * LOW HITPOINT WARNING * * *
Things that are here:
a sling bullet; a bullfrog corpse You feel better.
Joseph hits you with a +0 quarterstaff!
* * * LOW HITPOINT WARNING * * *
You hear the crackle of electricity.
a - a +2 short sword of electrocution (weapon)
A red film seems to cover your vision as you go berserk!
You feel yourself moving faster!
You feel mighty! Joseph hits you with a +0 quarterstaff!
* * * LOW HITPOINT WARNING * * *
Unknown command.
You hit Joseph.
Joseph is moderately wounded.
Joseph hits you with a +0 quarterstaff!
You die...

#.# #............#
#.# #......##'####
#.# #......>......
#.# *######...(...
#.# #.#..... #.#
#.###### #.# #.*
#.# #,* #@# *,*
#@# *,****** #h#
*,,,,,,,
#.#***************
#..,,,,,,,,*******
#..,,,,,,,,*,,,,,,
#..,,,,,,,,*,,,,,,
#.##*+***,,,,,,,,,
*,* *,* *,*,,,,,,,


You could see Joseph and a black bear.

Vanquished Creatures
  A sky beast (D:5)
  An ice beast (D:6)
  3 ogres
  2 centaurs
  A phantom (D:5)
  3 bullfrogs
  4 scorpions
  2 howler monkeys
  A centaur zombie (D:7)
  A bullfrog zombie (D:6)
  A quasit (D:5)
  A hound (D:4)
  2 jellies
  A bullfrog skeleton (D:7)
  6 gnoll shamans (D:6)
  7 orc priests
  4 iguanas
  4 orc wizards
  5 worker ants
  A worker ant zombie (D:7)
  A howler monkey zombie (D:6)
  34 gnolls (D:6)
  8 adders
  A shadow imp (D:5)
  3 oozes
  An adder zombie (D:6)
  2 adder skeletons (D:5)
  5 worms
  2 dart slugs
  5 leopard geckos
  20 orcs
  3 giant cockroaches
  20 goblins
  5 hobgoblins
  35 jackals
  2 quokkas
  4 ball pythons
  9 bats
  5 frilled lizards
  A jackal skeleton (D:7)
  6 kobolds
  5 rats
228 creatures vanquished.

Vanquished Creatures (others)
  11 plants (D:7)
11 creatures vanquished.

Grand Total: 239 creatures vanquished

Notes
Turn   | Place    | Note
-------+----------+-------------------------------------------
     0 | D:1      | porpoise the Halfling Arcane Marksman began the quest for
                  | the Orb.
     0 | D:1      | Reached XP level 1. HP: 12/12 MP: 2/2
   107 | D:1      | Reached skill level 1 in Fighting
   178 | D:1      | Reached XP level 2. HP: 18/18 MP: 3/3
   603 | D:1      | Reached XP level 3. HP: 24/24 MP: 4/4
   642 | D:1      | Learned a level 2 spell: Slow
   828 | D:1      | You fall into a shaft and drop 1 floor!
  1401 | D:2      | Reached XP level 4. HP: 29/30 MP: 5/5
  1462 | D:2      | Reached skill level 4 in Slings
  1531 | D:2      | Reached XP level 5. HP: 31/36 MP: 6/6
  2180 | D:2      | Reached skill level 5 in Slings
  2678 | D:2      | Reached XP level 6. HP: 34/42 MP: 7/7
  2829 | D:3      | Reached skill level 6 in Slings
  2949 | D:3      | Reached XP level 7. HP: 48/48 MP: 8/8
  3176 | D:3      | Reached skill level 7 in Slings
  3437 | D:4      | Found a staircase to the Ecumenical Temple.
  3500 | D:4      | Found a hide-covered altar of Uskayaw.
  3500 | D:4      | Noticed a +0 dagger
  3500 | D:4      | Noticed a +0 hand axe
  3704 | D:5      | Entered Level 5 of the Dungeon
  3871 | D:5      | Reached skill level 5 in Fighting
  4071 | D:5      | Reached XP level 8. HP: 55/55 MP: 9/11
  4503 | Temple   | Entered the Ecumenical Temple
  4623 | Temple   | Became a worshipper of the Shining One
  5151 | D:4      | Learned a level 3 spell: Portal Projectile
  6091 | D:5      | Found an iron altar of Okawaru.
  6178 | D:5      | Reached skill level 5 in Hexes
  6570 | D:6      | Reached skill level 1 in Translocations
  6819 | D:6      | Reached XP level 9. HP: 61/61 MP: 13/13
  6921 | D:6      | Found a shimmering blue altar of Sif Muna.
  6931 | D:6      | Found Qitummoo's Antique Weapon Shoppe.
  7236 | D:6      | Reached skill level 5 in Dodging
  7335 | D:6      | Reached * piety under the Shining One
  7386 | D:6      | Reached skill level 5 in Translocations
  8244 | D:6      | Reached skill level 1 in Shields
  9092 | D:7      | Noticed Joseph
  9108 | D:7      | HP: 3/91 [Joseph/+0 quarterstaff (15)]
  9109 | D:7      | Slain by Joseph

Illustrated notes

Levels and vault maps discovered:
D:1:      evilmike_arrival_fibonacci_small, layout_basic, minmay_tromino_v4_a
D:2:      layout_loops_ring
D:3:      cheibrodos_pilgrimage, layout_rooms
D:4:      layout_loops_ring, dancing_weapons_uskayaw,
          minmay_temple_entry_from_below_b, serial_co_window_serial,
          co_window_corner_a, co_window_paths_b, co_window_corner_a,
          co_window_cross_1, co_window_corner_a, co_window_corner_a,
          co_window_paths_a, co_window_corner_a, co_window_corner_a,
          co_window_broadway_b, co_window_corner_cb, co_window_paths_c,
          co_window_paths_e, glass_columns_b
D:5:      layout_basic, okawaru_ov_weapons_minmay
D:6:      lemuel_castle_with_subvaults [lemuel_castle_interior_carwin_1],
          layout_basic, kennysheep_mini, serial_shops, shop,
          kennysheep_generic_room_15
D:7:      layout_basic, lemuel_doored_altar, fedhas_altar_decomposition,
          uniq_joseph
Temple:   compressed_dpeg_circular_temple

Skill      XL: |  1  2  3  4  5  6  7  8  9 |
---------------+----------------------------+-----
Fighting       | 1 2 3 4 5 |  5.5
Hexes          | 3 5 |  5.0
Slings         | 4 5 6 7 |  7.0
Spellcasting   | 2 3 |  3.0
Translocations | 2 6 |  6.7
Dodging        | 3 5 |  5.0
Shields        | 3 |  3.2

Action                   |  1- 3 |  4- 6 |  7- 9 || total
-------------------------+-------+-------+-------++-------
Melee: Dagger            |    78 |       |    22 ||   100
       Short sword       |    20 |    25 |    32 ||    77
       Rapier            |       |       |    16 ||    16
       Hand axe          |       |       |     5 ||     5
       Flail             |       |       |     8 ||     8
 Fire: Hunting sling     |    45 |   209 |   684 ||   938
Throw: Dart              |       |       |     1 ||     1
 Cast: Corona            |       |       |     1 ||     1
       Portal Projectile |       |       |     2 ||     2
       Slow              |       |       |     1 ||     1
Evoke: Wand              |       |     2 |    11 ||    13
  Use: Potion            |       |     4 |     2 ||     6
       Scroll            |       |       |    10 ||    10
 Stab: Sleeping          |     1 |       |       ||     1
Armor: Robe              |    16 |    12 |       ||    28
       Leather armour    |       |       |    56 ||    56
Dodge: Dodged            |    93 |    78 |   271 ||   442
Block: Buckler           |       |       |     7 ||     7

Table legend: (Time is in decaauts)
 A = Elapsed time spent in this place.
 B = Non-inter-level travel time spent in this place.
 C = Inter-level travel time spent in this place.
 D = Time resting spent in this place.
 E = Time spent auto-exploring this place.
 F = Levels seen in this place.
 G = Mean time per level.
                   A        B        C        D        E       F      G
               +--------+--------+--------+--------+--------+-----+--------+
         Total |   9015 |   8353 |    662 |   1397 |   4652 |   8 | 1126.9 |
       Dungeon |   8883 |   8232 |    651 |   1397 |   4583 |   7 | 1269.0 |
        Temple |    131 |    120 |     11 |      0 |     69 |   1 |  131.0 |
               +--------+--------+--------+--------+--------+-----+--------+

Top non-repeatable levels by time:
     D:5: 1814 daAuts
     D:6: 1788 daAuts
     D:4: 1346 daAuts
     D:2: 1273 daAuts
     D:1: 1193 daAuts
     D:3: 952 daAuts
     D:7: 515 daAuts
  Temple: 131 daAuts
